 Dungeon Crawl Stone Soup version 0.29.1-15-g9cfb28693d (webtiles) character file.

Game seed: 15060673308303449603

55875 adizb the Unseen (level 14, -6/73 HPs)
             Began as a Spriggan Brigand on Apr 23, 2023.
             Was a Believer of Uskayaw.
             Mangled by a spriggan defender simulacrum (19 damage)
             ... in an ice cave on Apr 24, 2023.
             The game lasted 01:59:51 (13767 turns).

adizb the Unseen (Spriggan Brigand)                Turns: 13767, Time: 01:59:58

Health: -6/73      AC:  8    Str:  7    XL:     14   Next: 39%
Magic:  21/28      EV: 27    Int: 18    God:    Uskayaw [**....]
Gold:   1239       SH:  5    Dex: 18    Spells: 18/32 levels left

rFire   . . .      SeeInvis +   f - +6 rapier of Ruination {flame, Int+2}
rCold   + . .      Faith    .   (no shield)
rNeg    . . .      Spirit   .   a - +0 troll leather armour
rPois   .          Reflect  +   N - +1 hat
rElec   .          Harm     .   c - +2 cloak
rCorr   .          Rampage  .   (gloves unavailable)
Will    ++...                   (boots unavailable)
Stlth   ++++++....              m - amulet of reflection
HPRegen 1.02/turn               V - ring of protection from cold
MPRegen 0.21/turn               C - +4 ring of slaying

@: very quick
A: very small, no large weapons, unfitting armour, see invisible, speed 3
a: Renounce Religion, Stomp, Line Pass


You were in an ice cave.
You worshipped Uskayaw.
Uskayaw was noncommittal.
You visited 2 branches of the dungeon, and saw 19 of its levels.
You also visited: Ice Cave.

You collected 1343 gold pieces.
You spent 104 gold pieces at shops.

Inventory:

Hand Weapons
 f - the +6 rapier of Ruination (weapon) {flame, Int+2}
   (You found it on level 5 of the Lair of Beasts)

   It burns those it strikes, dealing additional fire damage.
   Int:       It affects your intelligence (+2).
 q - a +1 dagger of draining
 w - the +8 Vampire's Tooth {vamp}
   (You acquired it on level 1 of the Lair of Beasts)

   It occasionally heals its wielder for the full amount of damage dealt when it
   wounds a living foe.
 G - a +1 short sword of freezing
Missiles
 d - 25 poisoned darts
 e - 13 curare-tipped darts
 z - a throwing net
Armour
 a - a +0 troll leather armour (worn)
 c - a +2 cloak (worn)
 B - +2 swamp dragon scales
 N - a +1 hat (worn)
 R - the +3 hat of Pondering {ponderous, Will+ MP+10 Int+5}
   (You took it off Gastronok on level 1 of the Lair of Beasts)

   Int:       It affects your intelligence (+5).
   MP:        It affects your magic capacity (+10).
   Will:      It increases your willpower.
Jewellery
 m - an amulet of reflection (around neck)
 n - a ring of flight
 o - a +4 ring of evasion
 x - an amulet of regeneration
 C - a +4 ring of slaying (right hand)
 P - an amulet of the acrobat
 T - a ring of magical power
 V - a ring of protection from cold (left hand)
Wands
 g - a wand of flame (24)
 p - a wand of digging (6)
 t - a wand of paralysis (15)
 K - a wand of mindburst (15)
 M - a wand of roots (7)
Scrolls
 l - a scroll of poison
 s - 8 scrolls of teleportation
 y - 3 scrolls of magic mapping
 A - 4 scrolls of fog
 E - a scroll of fear
 F - a scroll of amnesia
 I - 2 scrolls of summoning
 J - a scroll of torment
 Q - a scroll of identify
 X - a scroll of silence
Potions
 h - a potion of heal wounds
 i - 6 potions of magic
 j - 6 potions of haste
 k - 2 potions of lignification
 r - 4 potions of might
 u - 4 potions of brilliance
 v - 10 potions of ambrosia
 D - 3 potions of attraction
 H - a potion of berserk rage
 L - 7 potions of curing
 O - a potion of resistance
 S - 2 potions of flight
 W - a potion of cancellation
 Y - a potion of mutation {unknown}
Miscellaneous
 b - a lightning rod (3/4)
 U - a box of beasts (inert)


   Skills:
 + Level 8.1 Fighting
 + Level 13.4 Short Blades
 - Level 2.0 Throwing
 - Level 3.0 Armour
 * Level 14.6 Dodging
 * Level 15.0 Stealth
 + Level 9.5 Spellcasting
 + Level 12.6 Translocations
 - Level 6.0 Invocations
 + Level 6.7 Evocations


You had 18 spell levels left.
You knew the following spells:

 Your Spells              Type           Power      Damage    Failure   Level
a - Passage of Golubria   Tloc           52%        N/A       1%          4
b - Manifold Assault      Tloc           52%        N/A       1%          5
c - Blink                 Tloc           100%       N/A       1%          2
d - Lesser Beckoning      Tloc           52%        N/A       1%          3

Your spell library contained the following spells:

 Spells                   Type           Power      Damage    Failure   Level
 Summon Small Mammal      Summ           32%        N/A       12%         1
 Summon Forest            Summ/Tloc      15%        N/A       26%         5
 Call Canine Familiar     Summ           8%         N/A       36%         3
 Summon Guardian Golem    Hex/Summ       8%         N/A       36%         3
 Alistair's Intoxication  Tmut/Pois      5%         N/A       98%         5
 Borgnjor's Vile Clutch   Necr/Erth      4%         N/A       98%         5
 Fireball                 Conj/Fire      4%         3d4       98%         5
 Iskenderun's Battlesphe  Conj           8%         2d6       98%         5
 Silence                  Hex/Air        4%         N/A       98%         5
 Conjure Ball Lightning   Conj/Air       4%         3x3d6     100%        6
 Eringya's Noxious Bog    Tmut/Pois      4%         N/A       100%        6
 Orb of Destruction       Conj           4%         9d5       100%        7
 Summon Hydra             Summ           4%         N/A       100%        7
 Lehudib's Crystal Spear  Conj/Erth      4%         10d3      100%        8


Dungeon Overview and Level Annotations

Branches:
Dungeon (14/15)            Temple (0/1) D:6            Lair (5/5) D:9
  Swamp (0/4) Lair:2       Spider (0/4) Lair:3        Slime (0/5) Lair:5
    Orc (0/2) D:12          IceCv (1/1)
 Vaults: D:13-14

Altars:
Elyvilon
Makhleb
Nemelex Xobeh
Trog
Uskayaw
Yredelemnul
Zin
The Shining One
Jiyva

Shops:
D:1 !   D:8 :   D:9 ?


Innate Abilities, Weirdness & Mutations

You are very small and have problems with some larger weapons.
You are too small for most types of armour.
You have supernaturally acute eyesight. (SInv)
You cover ground extremely quickly. (Speed+++)


Message History

You melt the alligator simulacrum.
The alligator simulacrum vaporises!
Found a lumpy puce potion.
Found a kite shield of cold resistance.
Y - a lumpy puce potion You see here a +1 kite shield of cold resistance.
A deep troll simulacrum comes into view.
A spriggan defender simulacrum comes into view.
An ice devil, a spriggan defender simulacrum and a deep troll simulacrum come into view.
The helpless deep troll simulacrum fails to defend itself.
You perforate the deep troll simulacrum like a sieve!!!!!
You melt the deep troll simulacrum.
The deep troll simulacrum vaporises!
The spriggan defender simulacrum hits you!!
The spriggan defender simulacrum freezes you!
You resist.
You puncture the spriggan defender simulacrum!
You melt the spriggan defender simulacrum.
The spriggan defender simulacrum is heavily damaged.
The spriggan defender simulacrum completely misses you.
You can now pass through a line of other dancers.
You barely miss the spriggan defender simulacrum.
The spriggan defender simulacrum is heavily damaged.
You miss the spriggan defender simulacrum.
The spriggan defender simulacrum is heavily damaged.
The spriggan defender simulacrum closely misses you.
You puncture the spriggan defender simulacrum!
You melt the spriggan defender simulacrum!
The spriggan defender simulacrum is almost destroyed.
The spriggan defender simulacrum hits you!
The spriggan defender simulacrum freezes you!
You resist.
You hit the spriggan defender simulacrum.
You melt the spriggan defender simulacrum.
The spriggan defender simulacrum is almost destroyed.
The spriggan defender simulacrum hits you!
* * * LOW HITPOINT WARNING * * *
The spriggan defender simulacrum freezes you!!
You resist.
You die...

#......#..##.##
.##
####.##..#..#..
≈##...
#####...####
≈≈##..## ###..#
#≈≈##Z4.###
###..##
#≈≈##....##
##...## ≈≈##Z..°#
##.#.##
#≈###ZZ####....#
###..@###[###...#
#...####.###...##
##...####.#...##
###...##...### #
###....### ####
###### ##...
######..##
####.....###
####....########


You could see 2 spriggan defender simulacra.

Vanquished Creatures
  Jorgrun (D:13)
  Rupert (Lair:3)
  Gastronok (Lair:1)
  Snorg (D:10)
  6 hydras
  A centaur warrior (D:13)
  A merfolk avatar (Lair:5)
  3 two-headed ogres
  A boulder beetle (D:12)
  3 death yaks (D:9)
  Nergalle (D:10)
  Amaemon (D:10)
  3 spriggan simulacra (IceCv)
  Pikel (D:6)
  4 lindwurms (Lair:5)
  4 deep elf pyromancers (D:12)
  2 ugly things
  A wolf spider (Lair:1)
  An elephant (Lair:5)
  A cyclops (D:13)
  4 manticores
  An oklob plant (Lair:3)
  3 black mambas
  Joseph (D:10)
  13 cane toads
  An orange demon (D:10)
  4 rime drakes
  Maggie (D:6)
  4 torpor snails
  A freezing wraith (IceCv)
  A kobold demonologist (D:12)
  10 komodo dragons
  A queen bee (D:13)
  2 polar bears
  3 trolls
  2 hornets
  3 meliai (D:13)
  3 tyrant leeches (Lair:2)
  2 wind drakes (Lair:5)
  A snapping turtle (Lair:5)
  5 dream sheep (Lair:3)
  4 blink frogs
  A shadow (D:9)
  38 yaks
  5 basilisks
  5 humans (D:7)
  4 wyverns
  Menkaure (D:7)
  4 minotaur simulacra (IceCv)
  3 redbacks (Lair:3)
  3 steam dragons
  A swamp worm (Lair:2)
  2 acid dragons
  10 water moccasins
  2 orc warriors
  A sky beast (D:6)
  3 alligator simulacra (IceCv)
  An ice beast (D:6)
  3 ogres
  7 wolves
  5 centaurs
  3 kobold brigands
  A lemure (D:6)
  A phantom (D:6)
  10 bullfrogs
  4 deep troll simulacra (IceCv)
  2 necrophages
  2 scorpions
  12 wights
  26 killer bees
  An electric eel (Lair:1)
  2 howler monkeys
  A jelly (D:8)
  9 orc priests
  6 hounds
  Ijyb (D:3)
  Jessica (D:3)
  Natasha (D:2)
  5 iguanas
  4 orc wizards
  A hound skeleton (D:4)
  Robin (D:2)
  3 gnolls (D:6)
  14 adders
  2 river rats (D:9)
  A white imp (D:5)
  A worm (D:3)
  A dart slug (D:1)
  25 orcs
  4 bats
  5 endoplasms
  2 giant cockroaches
  16 goblins
  5 hobgoblins
  4 quokkas
  A frilled lizard (D:3)
  16 kobolds
  5 rats
406 creatures vanquished.

Vanquished Creatures (others)
  17 fungi
  49 plants
66 creatures vanquished.

Grand Total: 472 creatures vanquished

Notes
Turn   | Place    | Note
-------+----------+-------------------------------------------
     0 | D:1      | adizb the Spriggan Brigand began the quest for the Orb.
     0 | D:1      | Reached XP level 1. HP: 10/10 MP: 2/2
   280 | D:1      | Reached skill level 6 in Stealth
   326 | D:1      | Reached XP level 2. HP: 9/15 MP: 3/3
   415 | D:1      | Found Tausoil's Distillery.
   878 | D:2      | Noticed Robin
  1153 | D:2      | Reached XP level 3. HP: 16/18 MP: 4/4
  1162 | D:2      | Killed Robin
  1220 | D:2      | Noticed Natasha
  1230 | D:2      | Killed Natasha
  1244 | D:2      | Reached XP level 4. HP: 20/23 MP: 5/5
  1282 | D:3      | Noticed Jessica
  1614 | D:3      | Identified the +1 buckler of Imperfection {Str+4}
  1769 | D:3      | Killed Jessica
  2036 | D:3      | Noticed Ijyb
  2047 | D:3      | Paralysed by Ijyb for 5 turns
  2053 | D:3      | Killed Ijyb
  2054 | D:3      | Reached XP level 5. HP: 27/27 MP: 6/6
  2513 | D:4      | Noticed an ogre
  2517 | D:4      | Killed an ogre
  2518 | D:4      | Reached skill level 7 in Stealth
  2518 | D:4      | Reached XP level 6. HP: 28/32 MP: 7/7
  2932 | D:4      | Reached skill level 5 in Short Blades
  3327 | D:4      | Found a burning altar of Makhleb.
  3444 | D:5      | Entered Level 5 of the Dungeon
  3677 | D:5      | Reached XP level 7. HP: 35/36 MP: 8/8
  3713 | D:5      | Found a hide-covered altar of Uskayaw.
  3734 | D:5      | Became a worshipper of Uskayaw the Reveller
  3788 | D:5      | Reached * piety under Uskayaw
  4019 | D:5      | Reached ** piety under Uskayaw
  4022 | D:5      | Reached skill level 8 in Stealth
  4026 | D:5      | Reached *** piety under Uskayaw
  4221 | D:5      | Reached skill level 5 in Dodging
  4423 | D:6      | Reached XP level 8. HP: 40/42 MP: 9/9
  4583 | D:6      | Found a staircase to the Ecumenical Temple.
  4602 | D:6      | Reached skill level 9 in Stealth
  4683 | D:6      | Noticed Maggie
  4688 | D:6      | Killed Maggie
  4689 | D:6      | Reached skill level 1 in Spellcasting
  4689 | D:6      | Reached skill level 1 in Translocations
  4689 | D:6      | Reached skill level 1 in Invocations
  4800 | D:6      | Learned a level 4 spell: Passage of Golubria
  4815 | D:6      | Noticed Pikel
  4849 | D:6      | Killed Pikel
  4849 | D:6      | Reached **** piety under Uskayaw
  4850 | D:6      | Reached XP level 9. HP: 42/45 MP: 11/13
  5271 | D:7      | Reached skill level 10 in Stealth
  5282 | D:7      | Reached skill level 1 in Armour
  5477 | D:7      | Identified the +6 scale mail "Micael" {+Inv rPois rF+}
  5564 | D:7      | Found a sparkling altar of Nemelex Xobeh.
  5580 | D:7      | Noticed Menkaure
  5586 | D:7      | Killed Menkaure
  5692 | D:7      | Identified the +5 flail "Ogrebane" {vorpal, Fly rElec rC-
                  | Int+7}
  6137 | D:8      | Reached XP level 10. HP: 38/51 MP: 17/17
  6276 | D:8      | Reached skill level 5 in Fighting
  6444 | D:8      | Reached skill level 5 in Translocations
  6461 | D:8      | Found Biorelu's Book Shop.
  6524 | D:8      | Identified the +9 war axe of War {vorpal, rF++}
  6592 | D:9      | Noticed a death yak
  6592 | D:9      | Noticed a death yak
  6592 | D:9      | Noticed a death yak
  6592 | D:9      | Found a staircase to the Lair.
  6609 | D:9      | Killed a death yak
  6610 | D:9      | Killed a death yak
  6610 | D:9      | Reached ***** piety under Uskayaw
  6611 | D:9      | Reached skill level 11 in Stealth
  6611 | D:9      | Reached skill level 5 in Spellcasting
  6612 | D:9      | Killed a death yak
  6613 | D:9      | Reached skill level 10 in Short Blades
  6847 | D:9      | Found a basalt altar of Yredelemnul.
  6976 | D:9      | Found Odghof's Magic Scroll Emporium.
  7004 | D:9      | Bought a scroll of summoning for 104 gold pieces
  7088 | D:9      | Reached XP level 11. HP: 38/56 MP: 20/20
  7157 | D:9      | Found a glowing silver altar of Zin.
  7250 | D:9      | Noticed a brown ugly thing
  7255 | D:9      | Killed a brown ugly thing
  7317 | D:9      | Found a white marble altar of Elyvilon.
  7317 | D:9      | Found a bloodstained altar of Trog.
  7396 | D:9      | Noticed a two-headed ogre
  7411 | D:9      | Killed a two-headed ogre
  7519 | Lair:1   | Entered Level 1 of the Lair of Beasts
  7614 | Lair:1   | Noticed a wolf spider
  7685 | Lair:1   | Killed a wolf spider
  7686 | Lair:1   | Reached skill level 12 in Stealth
  7736 | Lair:1   | Identified a scroll of acquirement
  7737 | Lair:1   | Acquired the +8 Vampire's Tooth {vamp}
  7737 | Lair:1   | Found the +8 Vampire's Tooth {vamp}
  7854 | Lair:1   | Noticed Gastronok
  7871 | Lair:1   | Killed Gastronok
  7926 | Lair:1   | Noticed a seven-headed hydra
  7939 | Lair:1   | Killed a seven-headed hydra
  7977 | Lair:1   | Reached skill level 10 in Dodging
  8366 | Lair:2   | Reached skill level 5 in Invocations
  8508 | Lair:2   | Found a staircase to the Swamp.
  8554 | Lair:2   | Reached XP level 12. HP: 62/62 MP: 23/23
  8693 | Lair:3   | Noticed Rupert
  8699 | Lair:3   | Killed Rupert
  8866 | Lair:3   | Found a hole to the Spider Nest.
  9013 | Lair:3   | Reached ****** piety under Uskayaw
  9219 | Lair:3   | Learned a level 5 spell: Manifold Assault
  9332 | Lair:3   | Reached skill level 1 in Evocations
  9520 | Lair:4   | Noticed a five-headed hydra
  9536 | Lair:4   | Reached skill level 10 in Translocations
  9541 | Lair:4   | Killed a five-headed hydra
  9580 | Lair:4   | Noticed a five-headed hydra
  9588 | Lair:4   | Killed a five-headed hydra
  9642 | Lair:4   | Noticed an eight-headed hydra
  9652 | Lair:4   | Killed an eight-headed hydra
  9653 | Lair:4   | Reached XP level 13. HP: 66/67 MP: 26/26
  9894 | Lair:4   | Learned a level 2 spell: Blink
  9898 | Lair:4   | Learned a level 3 spell: Lesser Beckoning
 10147 | Lair:5   | Entered Level 5 of the Lair of Beasts
 10186 | Lair:5   | Found a viscous altar of Jiyva.
 10187 | Lair:5   | Found a staircase to the Slime Pits.
 10647 | Lair:5   | Reached skill level 13 in Stealth
 10911 | Lair:5   | Identified the +6 rapier of Ruination {flame, Int+2}
 10943 | Lair:5   | Reached skill level 5 in Evocations
 11166 | D:10     | Entered Level 10 of the Dungeon
 11166 | D:10     | Noticed Snorg
 11170 | D:10     | Killed Snorg
 11188 | D:10     | Noticed Amaemon
 11196 | D:10     | Killed Amaemon
 11289 | D:10     | Found a glowing golden altar of the Shining One.
 11519 | D:10     | Noticed Nergalle
 11526 | D:10     | Killed Nergalle
 11582 | D:10     | Noticed Joseph
 11601 | D:10     | Killed Joseph
 12057 | D:11     | Reached skill level 14 in Stealth
 12273 | D:11     | Identified the +4 shortbow of Fimbulwinter {flame, Fragile
                  | rN+++ Int-2 Dex+3}
 12528 | D:12     | Found a staircase to the Orcish Mines.
 12623 | D:12     | Reached XP level 14. HP: 72/72 MP: 9/28
 12968 | D:13     | Noticed Jorgrun
 12987 | D:13     | Killed Jorgrun
 13502 | D:14     | Found a frozen archway.
 13518 | IceCv    | Entered an ice cave
 13685 | IceCv    | Reached skill level 15 in Stealth
 13767 | IceCv    | Mangled by a spriggan defender simulacrum

Illustrated notes

Levels and vault maps discovered:
D:1:      dpeg_arrival_leaves_temple_mockup, layout_basic, serial_shops, shop,
          corner_web_ring
D:2:      layout_rooms, nicolae_ecumenical_lake_church, uniq_natasha,
          uniq_crazy_yiuf_cottage, uniq_robin
D:3:      cheibrodos_old_hovel, layout_basic, dreamdust_mushroom_princess,
          uniq_ijyb, uniq_jessica
D:4:      layout_loops_corners, makhleb_blood_cavern_becter
D:5:      layout_cave_pools, nicolae_uskayaw_suspiria
D:6:      layout_loops_corners, minmay_temple_entry_tees, uniq_pikel,
          uniq_maggie
D:7:      layout_basic, mainiacjoe_overflow_tiny_flanked, minivault_1,
          minmay_ruffians, uniq_menkaure
D:8:      layout_cave_pools, serial_shops, nicolae_lakefront_shop
D:9:      layout_basic, mainiacjoe_overflow_24_doors,
          gammafunk_temple_overflow_wave, lemuel_coloured_pillars_altar,
          dpeg_lair_monsters, serial_shops, shop
D:10:     layout_roguey, mainiacjoe_overflow_small_starburst, uniq_amaemon,
          uniq_nergalle, uniq_snorg, uniq_joseph
D:11:     layout_irregular_city
D:12:     layout_rooms, minmay_orc_entry_temple_small
D:13:     layout_rooms, special_room [special_room_bee],
          kennysheep_generic_room_15, uniq_jorgrun
D:14:     layout_stronghold, david_vaults_3, portal_ice_cave_entry_pillars_1,
          nicolae_vehumet_radiance, minmay_crystal_water,
          hellmonk_guarded_unrand_starlight
Lair:1:   minmay_lair_venomous_thicket, layout_regular_city, serial_bayou,
          serial_bayou_shore_b, serial_bayou_lake_a, serial_bayou_pond_b,
          serial_bayou_shore_b, serial_bayou_pond_a, uniq_gastronok
Lair:2:   layout_cave_shapes, minmay_swamp_entry_worms
Lair:3:   layout_loops_ring, spider_nest_entry_webs,
          infiniplex_staircase_pool_2, uniq_rupert
Lair:4:   layout_long_grid, minmay_shattered_shrine
Lair:5:   gammafunk_lair_ancient_temple, layout_regular_city, slime_entry_1,
          nicolae_lair_lindhole
IceCv:    ice_cave_caverns_01

Skill      XL: |  1  2  3  4  5  6  7  8  9 10 11 12 13 14 |
---------------+-------------------------------------------+-----
Stealth        | 6 7 8 9 10 11 12 14 15 | 15.0
Dodging        | 2 3 4 5 6 7 8 10 12 13 14 | 14.6
Short Blades   | 3 4 5 6 8 9 10 11 12 13 | 13.4
Fighting       | 2 3 4 5 6 7 8 |  8.1
Spellcasting   | 2 4 5 7 8 9 |  9.5
Translocations | 2 4 6 8 10 12 | 12.6
Invocations    | 2 3 4 5 6 |  6.0
Armour         | 1 2 3 |  3.0
Evocations     | 3 6 |  6.7
Throwing       | |  2.0

Action                   |  1- 3 |  4- 6 |  7- 9 | 10-12 | 13-15 || total
-------------------------+-------+-------+-------+-------+-------++-------
Melee: Dagger            |    73 |   182 |   280 |   209 |       ||   744
       Punch             |     1 |     2 |     6 |    12 |     9 ||    30
       Quick blade       |       |       |       |   348 |   694 ||  1042
       Rapier            |       |       |       |       |    46 ||    46
Throw: Dart              |       |     1 |     4 |     2 |       ||     7
 Cast: Passage of Golubr |       |       |       |     6 |    17 ||    23
       Manifold Assault  |       |       |       |       |    27 ||    27
       Blink             |       |       |       |       |     1 ||     1
Invok: Stomp             |       |       |     8 |    22 |     9 ||    39
       Line Pass         |       |       |     2 |     5 |     7 ||    14
Evoke: Wand              |       |       |     5 |     1 |       ||     6
       Box of beasts     |       |       |       |       |     1 ||     1
       Lightning rod     |       |       |       |       |     1 ||     1
  Use: Scroll            |       |     7 |     2 |    12 |     9 ||    30
       Potion            |       |       |       |     7 |     5 ||    12
 Stab: Sleeping          |     5 |    15 |    12 |    26 |    26 ||    84
       Distracted        |     1 |     1 |     3 |     3 |     1 ||     9
       Paralysed         |       |       |     7 |    28 |    34 ||    69
       Confused          |       |       |     1 |     2 |     5 ||     8
Armor: Robe              |     4 |    11 |     6 |       |       ||    21
       Swamp dragon scal |       |       |     7 |    29 |    36 ||    72
       Troll leather arm |       |       |       |       |     2 ||     2
Dodge: Dodged            |    37 |    86 |   133 |   217 |   251 ||   724
Block: Other             |     4 |    23 |    40 |    53 |    51 ||   171
       Reflection        |       |       |     4 |     1 |     5 ||    10
